MWL (24 & UNDER)
ERIE JAXX @ COLUMBIA 08S
05/31/2027
 
TOP OF THE 1ST
Erie Jaxx batting - Pitching for Columbia 08s : RHP Lewis Sweeney
Pitching: RHP Lewis Sweeney
Batting: SHB Giel Molendijk 0-0: Ball
1-0: Called Strike
1-1: Ball
2-1: Swinging Strike
2-2: Strikes out swinging
Batting: RHB Cássio Cardenas 0-0: Ball
1-0: Ball
2-0: Called Strike
2-1: Ball
3-1: Fly out, F8 (Flyball, 8LM)
Batting: SHB Michael Field 0-0: Ball
1-0: Ball
2-0: Ball
3-0: Called Strike
3-1: Base on Balls
Batting: LHB Josh Pérez 0-0: Called Strike
0-1: Swinging Strike
0-2: Foul Ball, location: 2F
0-2: Strikes out swinging
Top of the 1st over - 0 run(s), 0 hit(s), 0 error(s), 1 left on base; Erie 0 - Columbia 0
BOTTOM OF THE 1ST
Columbia 08s batting - Pitching for Erie Jaxx : RHP Steve Bigham
Pitching: RHP Steve Bigham
Batting: RHB Juan Trujillo 0-0: Called Strike
0-1: Foul Ball, location: 2F
0-2: Strikes out swinging
Batting: RHB Pablo Díaz 0-0: Fly out, F8 (Flyball, 89M)
Batting: SHB Juan Carlos González 0-0: Ball
1-0: Ball
2-0: Ball
3-0: Base on Balls
Batting: RHB Chris Burrell 0-0: Foul Ball, location: 2F
0-1: Called Strike
0-2: Ball
1-2: SINGLE (Groundball, 6D)
Juan Carlos González to second
Batting: RHB Jaime Hernández 0-0: Ball
1-0: Fly out, F8 (Flyball, 8LXD)
Bottom of the 1st over - 0 run(s), 1 hit(s), 0 error(s), 2 left on base; Erie 0 - Columbia 0
TOP OF THE 2ND
Erie Jaxx batting - Pitching for Columbia 08s : RHP Lewis Sweeney
Batting: SHB José Durango 0-0: Ball
1-0: Ball
2-0: Ball
3-0: Called Strike
3-1: SINGLE (Groundball, 34S) (infield hit)
Batting: LHB Jim Knight 0-0: Called Strike
0-1: Ball
1-1: Ball
2-1: Ground out 3-1 (Groundball, 34)
José Durango to second
Batting: RHB Andrés Silva 0-0: Foul Ball, location: 2F
0-1: Ball
1-1: Ball
2-1: Ball
3-1: Called Strike
3-2: Base on Balls
Batting: RHB Ángel Serrano 0-0: Ball
1-0: Ball
2-0: Foul Ball, location: 2F
2-1: Ground out 5-3 (Groundball, 56S)
José Durango to third
Andrés Silva to second
Batting: RHB Guaspar Vasche 0-0: Ball
1-0: SINGLE (Line Drive, 6D)
José Durango scores
Andrés Silva to third
Runner from 3rd tries for Home, SAFE, no throw
Batting: SHB Giel Molendijk 0-0: Called Strike
0-1: Ball
1-1: Foul Ball, location: 2F
1-2: Ball
2-2: Foul Ball, location: 2F
2-2: Ball
3-2: Fly out, F8 (Flyball, 8LS)
Top of the 2nd over - 2 run(s), 2 hit(s), 0 error(s), 1 left on base; Erie 2 - Columbia 0
BOTTOM OF THE 2ND
Columbia 08s batting - Pitching for Erie Jaxx : RHP Steve Bigham
Batting: RHB Pedro López 0-0: Ball
1-0: Called Strike
1-1: Ball
2-1: Foul Ball, location: 2F
2-2: Ball
3-2: Strikes out swinging
Batting: RHB Bernardo Corona 0-0: Ball
1-0: Called Strike
1-1: Called Strike
1-2: Ball
2-2: SINGLE (Groundball, 56S) (infield hit)
Batting: LHB Dave Raines 0-0: Ball
1-0: Called Strike
1-1: Called Strike
1-2: Ball
2-2: Grounds into double play, 4-6-3 (Groundball, 34)
Bottom of the 2nd over - 0 run(s), 1 hit(s), 0 error(s), 0 left on base; Erie 2 - Columbia 0
TOP OF THE 3RD
Erie Jaxx batting - Pitching for Columbia 08s : RHP Lewis Sweeney
Batting: RHB Cássio Cardenas 0-0: Foul Ball, location: 2F
0-1: Swinging Strike
0-2: Foul Ball, location: 2F
0-2: Ball
1-2: Strikes out swinging
Batting: SHB Michael Field 0-0: Ball
1-0: Called Strike
1-1: Swinging Strike
1-2: Foul Ball, location: 2F
1-2: SINGLE (Flyball, 78S)
Batting: LHB Josh Pérez 0-0: Called Strike
0-1: Foul Ball, location: 2F
0-2: Strikes out looking
Batting: SHB José Durango 0-0: Called Strike
0-1: Foul Ball, location: 2F
0-2: Ball
1-2: Fielders Choice at 2nd, 4-6 (Groundball, 4)
Top of the 3rd over - 0 run(s), 1 hit(s), 0 error(s), 0 left on base; Erie 2 - Columbia 0
BOTTOM OF THE 3RD
Columbia 08s batting - Pitching for Erie Jaxx : RHP Steve Bigham
Batting: RHB Henry Fox 0-0: Called Strike
0-1: Ball
1-1: Called Strike
1-2: Strikes out swinging
Batting: RHB Juan Trujillo 0-0: Ball
1-0: Ball
2-0: Foul Ball, location: 2F
2-1: Swinging Strike
2-2: Foul Ball, location: 2F
2-2: Strikes out looking
Batting: RHB Pablo Díaz 0-0: Ground out 4-3 (Groundball, 4)
Bottom of the 3rd over - 0 run(s), 0 hit(s), 0 error(s), 0 left on base; Erie 2 - Columbia 0
TOP OF THE 4TH
Erie Jaxx batting - Pitching for Columbia 08s : RHP Lewis Sweeney
Batting: LHB Jim Knight 0-0: Called Strike
0-1: Ball
1-1: SINGLE (Flyball, 78S)
Batting: RHB Andrés Silva 0-0: Ball
1-0: Swinging Strike
1-1: Swinging Strike
1-2: Foul Ball, location: 2F
1-2: Strikes out swinging
Batting: RHB Ángel Serrano 0-0: Ball
1-0: SINGLE (Groundball, 34D)
Jim Knight to second
Runner from 2nd tries for 3rd, SAFE, throw made to third
Batting: RHB Guaspar Vasche 0-0: Foul Ball, location: 2F
0-1: Grounds into double play, 5-4-3 (Groundball, 56)
Top of the 4th over - 0 run(s), 2 hit(s), 0 error(s), 1 left on base; Erie 2 - Columbia 0
BOTTOM OF THE 4TH
Columbia 08s batting - Pitching for Erie Jaxx : RHP Steve Bigham
Batting: SHB Juan Carlos González 0-0: Ball
1-0: Ball
2-0: Fly out, F9 (Flyball, 89M)
Batting: RHB Chris Burrell 0-0: Ball
1-0: Called Strike
1-1: Ball
2-1: Ball
3-1: Called Strike
3-2: Ground out 3-1 (Groundball, 34S)
Batting: RHB Jaime Hernández 0-0: Ground out 1-3 (Groundball, P)
Bottom of the 4th over - 0 run(s), 0 hit(s), 0 error(s), 0 left on base; Erie 2 - Columbia 0
TOP OF THE 5TH
Erie Jaxx batting - Pitching for Columbia 08s : RHP Lewis Sweeney
Batting: SHB Giel Molendijk 0-0: DOUBLE (Groundball, 3L)
Batting: RHB Cássio Cardenas 0-0: Called Strike
0-1: SINGLE (Groundball, 4MD)
Giel Molendijk to third
Batting: SHB Michael Field 0-0: Ball
1-0: Ball
2-0: Foul Ball, location: 2F
2-1: Called Strike
2-2: Strikes out swinging
Batting: LHB Josh Pérez 0-0: DOUBLE (Line Drive, 89M)
Giel Molendijk scores
Cássio Cardenas to third
Pitching: RHP Gabriel McDaniel
Batting: SHB José Durango 0-0: Foul Ball, location: 2F
0-1: Ball
1-1: Foul Ball, location: 2F
1-2: Foul Ball, location: 2F
1-2: Strikes out swinging
Batting: LHB Jim Knight 0-0: Ball
1-0: Fly out, F8 (Flyball, 89M)
Top of the 5th over - 1 run(s), 3 hit(s), 0 error(s), 2 left on base; Erie 3 - Columbia 0
BOTTOM OF THE 5TH
Columbia 08s batting - Pitching for Erie Jaxx : RHP Steve Bigham
Batting: RHB Pedro López 0-0: Swinging Strike
0-1: Ball
1-1: Foul Ball, location: 2F
1-2: Ball
2-2: Foul Ball, location: 2F
2-2: Foul Ball, location: 2F
2-2: Strikes out swinging
Batting: RHB Bernardo Corona 0-0: Ground out 5-3 (Groundball, 56)
Batting: LHB Dave Raines 0-0: Called Strike
0-1: Ball
1-1: Swinging Strike
1-2: Ground out 1-3 (Groundball, 13S)
Bottom of the 5th over - 0 run(s), 0 hit(s), 0 error(s), 0 left on base; Erie 3 - Columbia 0
TOP OF THE 6TH
Erie Jaxx batting - Pitching for Columbia 08s : RHP Gabriel McDaniel
Batting: RHB Andrés Silva 0-0: Swinging Strike
0-1: Called Strike
0-2: Ball
1-2: Strikes out swinging
Batting: RHB Ángel Serrano 0-0: Called Strike
0-1: Ball
1-1: Ball
2-1: Foul Ball, location: 2F
2-2: Strikes out looking
Batting: RHB Guaspar Vasche 0-0: Ball
1-0: Foul Ball, location: 2F
1-1: Ground out 6-3 (Groundball, 6)
Top of the 6th over - 0 run(s), 0 hit(s), 0 error(s), 0 left on base; Erie 3 - Columbia 0
BOTTOM OF THE 6TH
Columbia 08s batting - Pitching for Erie Jaxx : RHP Steve Bigham
Batting: RHB Henry Fox 0-0: Ball
1-0: Ball
2-0: SINGLE (Groundball, 34D)
Batting: RHB Juan Trujillo 0-0: Foul Ball, location: 2F
0-1: Ball
1-1: Called Strike
1-2: Ball
2-2: Fly out, F8 (Flyball, 8LS)
Batting: RHB Pablo Díaz 0-0: Called Strike
0-1: Fly out, F5 (Popup, 56)
Batting: SHB Juan Carlos González 0-0: Called Strike
0-1: Ball
1-1: Foul Ball, location: 2F
1-2: Ball
2-2: Ball
3-2: Base on Balls
Henry Fox to second
Batting: RHB Chris Burrell 0-0: DOUBLE (Line Drive, 7LM)
Henry Fox scores
Juan Carlos González to third
Batting: RHB Jaime Hernández 0-0: Foul Ball, location: 2F
0-1: Ball
1-1: Ball
2-1: Ball
3-1: Base on Balls
Pitching: LHP Luis Torres
Batting: RHB Pedro López 0-0: Called Strike
0-1: Called Strike
0-2: Ball
1-2: GRAND SLAM HOME RUN (Flyball, 7D), Distance : 397 ft
Batting: RHB Bernardo Corona 0-0: Ground out 6-3 (Groundball, 6M)
Bottom of the 6th over - 5 run(s), 3 hit(s), 0 error(s), 0 left on base; Erie 3 - Columbia 5
TOP OF THE 7TH
Erie Jaxx batting - Pitching for Columbia 08s : RHP Gabriel McDaniel
Batting: SHB Giel Molendijk 0-0: Foul Ball, location: 2F
0-1: Called Strike
0-2: Ball
1-2: Strikes out swinging
Batting: RHB Cássio Cardenas 0-0: Foul Ball, location: 2F
0-1: Ball
1-1: SINGLE (Flyball, 8LS)
Batting: SHB Michael Field 0-0: Ball
1-0: Swinging Strike
1-1: Ball
2-1: Foul Ball, location: 2F
2-2: Foul Ball, location: 2F
2-2: Strikes out swinging
Pitching: LHP José Reyes
Batting: LHB Josh Pérez 0-0: Called Strike
0-1: Foul Ball, location: 2F
0-2: Ball
1-2: Foul Ball, location: 2F
1-2: Ball
2-2: Ball
3-2: Fly out, F6 (Popup, 6D)
Top of the 7th over - 0 run(s), 1 hit(s), 0 error(s), 1 left on base; Erie 3 - Columbia 5
BOTTOM OF THE 7TH
Columbia 08s batting - Pitching for Erie Jaxx : LHP Luis Torres
Batting: LHB Dave Raines 0-0: Called Strike
0-1: Swinging Strike
0-2: Fly out, F7 (Flyball, 78D)
Batting: RHB Henry Fox 0-0: Called Strike
0-1: Ground out 5-3 (Groundball, 56S)
Batting: RHB Juan Trujillo 0-0: Ball
1-0: Foul Ball, location: 2F
1-1: DOUBLE (Line Drive, 7LM)
Batting: RHB Pablo Díaz 0-0: Called Strike
0-1: Ground out 6-3 (Groundball, 6)
Bottom of the 7th over - 0 run(s), 1 hit(s), 0 error(s), 1 left on base; Erie 3 - Columbia 5
TOP OF THE 8TH
Erie Jaxx batting - Pitching for Columbia 08s : LHP José Reyes
Batting: SHB José Durango 0-0: Ball
1-0: Foul Ball, location: 2F
1-1: Foul Ball, location: 2F
1-2: Foul Ball, location: 2F
1-2: Ball
2-2: Foul Ball, location: 2F
2-2: Ball
3-2: Strikes out looking
Pitching: RHP Alejandro Hernández
Batting: LHB Jim Knight 0-0: Ball
1-0: Ball
2-0: Ball
3-0: Base on Balls
Batting: RHB Andrés Silva 0-0: Ball
1-0: Foul Ball, location: 2F
1-1: Swinging Strike
1-2: Strikes out swinging
Batting: RHB Ángel Serrano 0-0: SINGLE (Groundball, 6MD)
Jim Knight to second
Batting: RHB Guaspar Vasche 0-0: Ball
1-0: SINGLE (Groundball, 6MD)
Jim Knight to third
Ángel Serrano to second
Batting: SHB Giel Molendijk 0-0: Foul Ball, location: 2F
0-1: Ball
1-1: Ball
2-1: Foul Ball, location: 2F
2-2: Ball
3-2: Strikes out swinging
Top of the 8th over - 0 run(s), 2 hit(s), 0 error(s), 3 left on base; Erie 3 - Columbia 5
BOTTOM OF THE 8TH
Columbia 08s batting - Pitching for Erie Jaxx : LHP Luis Torres
Batting: SHB Juan Carlos González 0-0: Ball
1-0: Ball
2-0: Called Strike
2-1: Ball
3-1: Foul Ball, location: 2F
3-2: Base on Balls
Batting: RHB Chris Burrell 0-0: Fly out, F8 (Flyball, 8RM)
Batting: RHB Jaime Hernández 0-0: Ball
1-0: Ball
2-0: Ball
3-0: Called Strike
3-1: Foul Ball, location: 2F
3-2: Base on Balls
Juan Carlos González to second
Pinch Hitting: RHB Vernon Sterling 0-0: Ball
1-0: Called Strike
1-1: Swinging Strike
1-2: Foul Ball, location: 2F
1-2: Foul Ball, location: 2F
1-2: Strikes out swinging
Batting: RHB Bernardo Corona 0-0: Hit by Pitch
Juan Carlos González to third
Jaime Hernández to second
Batting: LHB Dave Raines 0-0: Ball
1-0: Fielders Choice at 2nd, 6-4 (Groundball, 6)
Bottom of the 8th over - 0 run(s), 0 hit(s), 0 error(s), 2 left on base; Erie 3 - Columbia 5
TOP OF THE 9TH
Erie Jaxx batting - Pitching for Columbia 08s : RHP Alejandro Hernández
Pitching: RHP Charles Palmeiro
Now in LF: Claudio Palácios
Batting: RHB Cássio Cardenas 0-0: Ball
1-0: Called Strike
1-1: Called Strike
1-2: Foul Ball, location: 2F
1-2: Strikes out looking
Batting: SHB Michael Field 0-0: Ball
1-0: Foul Ball, location: 2F
1-1: Ball
2-1: Ball
3-1: DOUBLE (Flyball, 7D)
Batting: LHB Josh Pérez 0-0: Called Strike
0-1: Swinging Strike
0-2: Ball
1-2: Fly out, F6 (Popup, 6D)
Batting: SHB José Durango 0-0: Swinging Strike
0-1: Ball
1-1: Foul Ball, location: 2F
1-2: Foul Ball, location: 2F
1-2: Foul Ball, location: 2F
1-2: Ball
2-2: Ball
3-2: Foul Ball, location: 2F
3-2: Foul Ball, location: 2F
3-2: Foul Ball, location: 2F
3-2: Base on Balls
Pinch Runner at 2nd Cristián Cauozos:
Batting: LHB Jim Knight 0-0: Swinging Strike
0-1: Foul Ball, location: 2F
0-2: Ball
1-2: SINGLE (Line Drive, 89S)
Cristián Cauozos to third
José Durango to second
Runner from 3rd tries for Home, throw and OUT!
Top of the 9th over - 0 run(s), 2 hit(s), 0 error(s), 2 left on base; Erie 3 - Columbia 5
Thursday, March 30th, 2017 - OOTP Baseball 17.12 Build 75